 Dungeon Crawl Stone Soup version 0.28.0-43-g3370ac3207 (webtiles) character file.

Game seed: 524797971531641799

1358 xzight the Chopper (level 8, -2/51 HPs)
             Began as a Gargoyle Fighter on Mar 24, 2022.
             Was a Follower of Okawaru.
             Killed from afar by an acid dragon (16 damage)
             ... with a splash of acid
             ... on level 6 of the Dungeon.
             The game lasted 00:12:38 (6484 turns).

xzight the Chopper (Gargoyle Fighter)               Turns: 6484, Time: 00:12:39

Health: -2/51      AC:  9    Str: 25    XL:     8   Next: 64%
Magic:  9/9        EV:  8    Int: 13    God:    Okawaru [*.....]
Gold:   460        SH:  5    Dex:  9    Spells: 7/7 levels left

rFire   + . .      SeeInvis .   a - +0 war axe
rCold   + + .      Faith    +   c - +0 buckler
rNeg    + . .      Spirit   .   p - +0 chain mail
rPois   ∞          Reflect  .   (no helmet)
rElec   +          Harm     .   (no cloak)
rCorr   .          Rampage  .   x - +0 pair of gloves "Kyhul" {rC+ Str+3}
Will    ++...                   (no boots)
Stlth   ..........              e - amulet of faith {!P}
HPRegen 0.17/turn               m - ring "Pyrph" {+Blink rPois rC+ Will++ Int+4}
MPRegen 0.11/turn               F - ring of protection from fire

@: corroded
A: sickness immunity, AC +5, negative energy resistance 1, electricity
resistance, torment resistance 1, petrification resistance
a: Renounce Religion, Evoke Blink, Heroism


You were on level 6 of the Dungeon.
You worshipped Okawaru.
Okawaru was aware of your devotion.
You visited 2 branches of the dungeon, and saw 7 of its levels.

You collected 460 gold pieces.


Innate Abilities, Weirdness & Mutations

You are immune to sickness and miasma.
Your stone body is resilient. (AC +5)
You are immune to poison.
You resist negative energy. (rN+)
You are resistant to electric shocks. (rElec)
You are resistant to unholy torment.
You are immune to petrification.


   Skills:
 + Level 5.8 Fighting
 * Level 6.0 Axes
 + Level 5.9 Armour
 + Level 5.8 Shields
 + Level 2.5 Invocations


You had 7 spell levels left.
You didn't know any spells.
Your spell library contained the following spells:

 Spells                   Type           Power      Damage    Failure   Level
 Blink                    Tloc           0%         N/A       98%         2
 Lesser Beckoning         Tloc           0%         N/A       100%        3
 Ozocubu's Armour         Ice            0%         N/A       100%        3
 Iskenderun's Battlesphe  Conj           0%         2d6       100%        5
 Manifold Assault         Tloc           0%         N/A       100%        5
 Metabolic Englaciation   Hex/Ice        0%         N/A       100%        5
 Iron Shot                Conj/Erth      0%         9d1       100%        6
 Simulacrum               Ice/Necr       Unusable   N/A       N/A         6
 Spellforged Servitor     Conj/Summ      Unusable   N/A       N/A         7

Inventory:

Hand Weapons
 a - a +0 war axe (weapon)
Missiles
 b - a throwing net {=f}
 i - 2 boomerangs (quivered)
Armour
 c - a +0 buckler (worn)
 p - a +0 chain mail (worn)
 x - the +0 pair of gloves "Kyhul" (worn) {rC+ Str+3}
   (You acquired it on level 5 of the Dungeon)

   Str:       It affects your strength (+3).
   rC:        It protects you from cold.
Jewellery
 e - an amulet of faith (around neck) {!P}
 m - the ring "Pyrph" (left hand) {+Blink rPois rC+ Will++ Int+4}
   (You acquired it on level 2 of the Dungeon)

   [ring of protection from cold]

   Int:       It affects your intelligence (+4).
   rC:        It protects you from cold.
   rPois:     It protects you from poison.
   +Blink:    It lets you blink.
   Will:      It greatly increases your willpower.
 n - the ring "Geurekka" {rElec Str+6 SInv}
   (You acquired it on level 2 of the Dungeon)

   [ring of strength]

   Str:       It affects your strength (+6).
   rElec:     It insulates you from electricity.
   SInv:      It lets you see invisible.
 z - an amulet of regeneration
 F - a ring of protection from fire (right hand)
Wands
 t - a wand of digging (2)
Scrolls
 j - 4 scrolls of teleportation {@r2}
 l - 2 scrolls of amnesia {unknown}
 o - a scroll of brand weapon {unknown}
 q - a scroll of blinking {unknown}
 r - a scroll of fog {unknown}
 v - a scroll of enchant weapon {unknown}
 w - a scroll of magic mapping {unknown}
 y - a scroll of silence {unknown}
Potions
 d - a potion of might
 f - 2 potions of attraction
 g - 2 potions of lignification
 h - 2 potions of flight
 k - a potion of curing {@q1}
 s - a potion of mutation {unknown}
 u - 2 potions of berserk rage {!q}

Dungeon Overview and Level Annotations

Branches:
Dungeon (6/15)             Temple (1/1) D:5

Altars:
Ashenzari
Cheibriados
Elyvilon
Fedhas
Gozag
Kikubaaqudgha
Makhleb
Nemelex Xobeh
Okawaru
Qazlal
Ru
Sif Muna
Trog
Uskayaw
Vehumet
Wu Jian
Xom
Yredelemnul
The Shining One

#......................# ....
#
........<....###.............
# #............#
#.......#..... #
#####........###.......... #
#.....▓▓▓▓▓.......##.#### #
..▓▓▓▓ ..▓▓▓▓▓.#.##.#########
#. ⚑.....'.#.##........# # ▓▓
▓▓▓▓▓.......#####.#
....▓▓▓▓▓..@..#.###.......##
#.....D.#####....(.#......
#.###z###########..#.#..##
#..........# #....#..#
....(#######.... #.......#
#.. ## #.####.## # #......#
########


You could see an acid dragon (catching breath) and a wight.


Message History

You block the bullfrog skeleton's attack.
The bullfrog skeleton hits you.
You hit the bullfrog skeleton but do no damage.
The bullfrog skeleton is severely damaged.
You closely miss the acid dragon.
The bullfrog skeleton hits you but does no damage.
The acid dragon bites you. The acid dragon closely misses you.
You hit the bullfrog skeleton but do no damage.
The bullfrog skeleton is severely damaged.
You hit the acid dragon.
The bullfrog skeleton hits you but does no damage.
The acid dragon bites you! The acid dragon misses you.
The bullfrog skeleton hits you but does no damage.
You slash the bullfrog skeleton!
You destroy the bullfrog skeleton!
Okawaru accepts your kill.
You closely miss the acid dragon. The acid dragon spits acid at you.
The splash of acid hits you!!
* * * LOW HITPOINT WARNING * * *
The acid corrodes you!
A wight comes into view. It is wielding a +1 war axe.
The acid dragon bites you but does no damage.
You block the acid dragon's attack.
Unknown command.
You feel better. The acid dragon barely misses you. x2
You block the acid dragon's attack. The acid dragon barely misses you.
The acid dragon spits acid at you. The splash of acid hits you!
You die...

Skill      XL: |  1  2  3  4  5  6  7  8 |
---------------+-------------------------+-----
Axes           | 2 3 4 5 6 |  6.0
Armour         | 4 5 |  5.9
Shields        | 4 5 |  5.8
Fighting       | 4 5 |  5.8
Invocations    | 1 2 |  2.5

Action                   |  1- 3 |  4- 6 |  7- 9 || total
-------------------------+-------+-------+-------++-------
Melee: War axe           |   127 |   119 |   246 ||   492
Throw: Boomerang         |       |     9 |     9 ||    18
Invok: Heroism           |       |       |     1 ||     1
  Use: Scroll            |     3 |     3 |     5 ||    11
       Potion            |       |     2 |     2 ||     4
Armor: Scale mail        |    90 |    13 |       ||   103
       Chain mail        |       |    51 |   160 ||   211
       Skin              |       |     3 |       ||     3
Dodge: Dodged            |    69 |    44 |   111 ||   224
Block: Buckler           |    30 |    29 |    79 ||   138

Levels and vault maps discovered:
D:1:      beargit_arrival_greenhouse, layout_loops_ring,
          shapermc_ecumenical_altar_mp_vishouse, serial_bayou_pond_b,
          serial_bayou_pond_c, minmay_tromino_v7
D:2:      layout_loops_ring, basic_altar, kennysheep_generic_room_7
D:3:      minmay_door_path, layout_basic
D:4:      layout_rooms, uniq_eustachio, uniq_ijyb
D:5:      minmay_goblin_kobold_castle, layout_loops_ring,
          minmay_temple_entry_overgrown, serial_bayou, serial_bayou_lagoon_a,
          serial_bayou_shore_b, serial_bayou_pond_e, serial_bayou_crossing,
          hangedman_decor_points, fountainhead, kennysheep_flooded_box,
          uniq_edmund
D:6:      layout_loops_cross, mainiacjoe_overflow_surrounded_room
Temple:   dpeg_five_rooms_temple

Notes
Turn   | Place    | Note
-------+----------+-------------------------------------------
     0 | D:1      | xzight the Gargoyle Fighter began the quest for the Orb.
     0 | D:1      | Reached XP level 1. HP: 14/14 MP: 1/1
   296 | D:1      | Reached skill level 2 in Axes
   296 | D:1      | Reached XP level 2. HP: 19/19 MP: 2/2
   653 | D:1      | Reached XP level 3. HP: 23/23 MP: 3/3
  1058 | D:1      | Found a faded altar of an unknown god.
  1126 | D:2      | Identified 3 scrolls of acquirement
  1126 | D:2      | Acquired the ring "Pyrph" {+Blink rPois rC+ Will++ Int+4}
  1129 | D:2      | Acquired the ring "Geurekka" {rElec Str+6 SInv}
  1131 | D:2      | Acquired a ring of protection from fire
  1287 | D:2      | Reached XP level 4. HP: 25/29 MP: 4/4
  1801 | D:2      | Found a burning altar of Makhleb.
  1933 | D:3      | Noticed a necrophage
  2364 | D:3      | Reached skill level 3 in Axes
  2380 | D:3      | Reached skill level 4 in Armour
  2380 | D:3      | Reached skill level 4 in Shields
  2387 | D:3      | Reached skill level 4 in Fighting
  2387 | D:3      | Reached XP level 5. HP: 13/33 MP: 5/5
  2682 | D:3      | Killed a necrophage
  2960 | D:3      | Reached XP level 6. HP: 38/38 MP: 6/6
  3047 | D:4      | Noticed Ijyb
  3074 | D:4      | Killed Ijyb
  3455 | D:4      | Reached skill level 4 in Axes
  3484 | D:4      | Reached XP level 7. HP: 16/44 MP: 7/7
  3797 | D:4      | Noticed Eustachio
  3813 | D:4      | Killed Eustachio
  3814 | D:4      | Reached skill level 5 in Fighting
  3814 | D:4      | Reached skill level 5 in Armour
  3814 | D:4      | Reached skill level 5 in Shields
  4276 | D:5      | Entered Level 5 of the Dungeon
  4285 | D:5      | Acquired an amulet of faith
  4318 | D:5      | Found a staircase to the Ecumenical Temple.
  4387 | Temple   | Entered the Ecumenical Temple
  4469 | Temple   | Became a worshipper of Warmaster Okawaru
  4663 | D:5      | Reached skill level 5 in Axes
  4687 | D:5      | Found a white marble altar of Elyvilon.
  4812 | D:5      | Reached skill level 1 in Invocations
  5213 | D:5      | Reached * piety under Okawaru
  5214 | D:5      | Reached XP level 8. HP: 30/49 MP: 7/9
  5467 | D:5      | Acquired the +0 pair of gloves "Kyhul" {rC+ Str+3}
  5853 | D:5      | Reached skill level 2 in Invocations
  5935 | D:5      | Noticed Edmund
  5955 | D:5      | Killed Edmund
  6364 | D:6      | Reached skill level 6 in Axes
  6462 | D:6      | Found a radiant altar of Vehumet.
  6478 | D:6      | HP: 4/51 [acid dragon/splash of acid (23)]
  6484 | D:6      | Killed from afar by an acid dragon

Vanquished Creatures
  Eustachio (D:4)
  Edmund (D:5)
  2 necrophages
  2 ogres
  A phantom (D:4)
  A bullfrog (D:6)
  2 scorpions
  A water moccasin zombie (D:5)
  A bullfrog zombie (D:4)
  A hound (D:5)
  A bullfrog skeleton (D:6)
  An iguana (D:4)
  Ijyb (D:4)
  An orc wizard (D:4)
  4 adders
  12 gnolls
  A worm (D:2)
  A dart slug (D:3)
  4 orcs
  3 ball pythons
  5 bats
  3 endoplasms
  3 giant cockroaches
  32 goblins
  32 hobgoblins
  8 jackals
  4 quokkas
  4 frilled lizards
  9 kobolds
  6 rats
148 creatures vanquished.

Vanquished Creatures (others)
  A hobgoblin (D:5)
  11 plants (D:5)
12 creatures vanquished.

Grand Total: 160 creatures vanquished

Table legend: (Time is in decaauts)
 A = Elapsed time spent in this place.
 B = Non-inter-level travel time spent in this place.
 C = Inter-level travel time spent in this place.
 D = Time resting spent in this place.
 E = Time spent auto-exploring this place.
 F = Levels seen in this place.
 G = Mean time per level.
                   A        B        C        D        E       F      G
               +--------+--------+--------+--------+--------+-----+--------+
         Total |   6683 |   6432 |    251 |   1598 |   3245 |   7 |  954.7 |
       Dungeon |   6420 |   6218 |    202 |   1598 |   3047 |   6 | 1070.0 |
        Temple |    262 |    213 |     49 |      0 |    198 |   1 |  262.0 |
               +--------+--------+--------+--------+--------+-----+--------+

Top non-repeatable levels by time:
     D:5: 1780 daAuts
     D:4: 1381 daAuts
     D:1: 1172 daAuts
     D:2: 1008 daAuts
     D:3: 927 daAuts
  Temple: 262 daAuts
     D:6: 151 daAuts

Table legend:
 A = Non-vault XP
 B = Vault XP
 C = Vault XP percentage of total XP
 D = Non-vault monster count
 E = Vault monster count
 F = Vault count percentage of total count
                 A         B        C        D         E       F
            +---------+---------+-------+---------+---------+-------
      Total |    1323 |     618 |  31.8 |      77 |      72 |  48.3
            +---------+---------+-------+---------+---------+-------
        D:1 |      38 |       8 |  17.4 |      22 |       5 |  18.5
        D:2 |      59 |       1 |   1.7 |      20 |       1 |   4.8
        D:3 |     207 |       9 |   4.2 |      12 |       4 |  25.0
        D:4 |     429 |     221 |  34.0 |      14 |       2 |  12.5
        D:5 |     466 |     379 |  44.9 |       7 |      60 |  89.6
        D:6 |     124 |       0 |   0.0 |       2 |       0 |   0.0
            +---------+---------+-------+---------+---------+-------
